 Dungeon Crawl Stone Soup version 0.26-a0-958-gf3041fb45f (webtiles) character file.

Game seed: 2596321022987043679

897 pkoi the Grappler (level 7, -2/57 HPs)
             Began as a Minotaur Monk on Dec 1, 2020.
             Was a Priest of Makhleb.
             Slain by an ice beast (14 damage)
             ... on level 5 of the Dungeon.
             The game lasted 00:03:53 (4109 turns).

pkoi the Grappler (Minotaur Monk)                   Turns: 4109, Time: 00:03:54

Health: -2/57      AC:  4    Str: 18    XL:     7   Next: 79%
Magic:  9/9        EV: 13    Int:  7    God:    Makhleb [***...]
Gold:   227        SH:  5    Dex: 12    Spells: 6/6 levels left

rFire    . . .     SeeInvis .     - Unarmed
rCold    . . .     Faith    .   (no shield)
rNeg     . . .     Spirit   .   a - +0 robe
rPois    .         Reflect  +   (helmet restricted)
rElec    .         Harm     .   (no cloak)
rCorr    .         Rampage  .   (no gloves)
MR       .....                  i - +1 pair of boots
Stlth    ++........             m - amulet of reflection
HPRegen  0.19/turn              (no ring)
MPRegen  0.11/turn              (no ring)

@: no status effects
A: retaliatory headbutt, horns 2
a: Minor Destruction, Lesser Servant of Makhleb, Renounce Religion


You were on level 5 of the Dungeon.
You worshipped Makhleb.
Makhleb was most pleased with you.
You visited 1 branch of the dungeon, and saw 5 of its levels.

You collected 227 gold pieces.

Inventory:

Missiles
 b - 11 boomerangs (quivered)
 t - 4 javelins
Armour
 a - a +0 robe (worn)
 i - a +1 pair of boots (worn)
Jewellery
 m - an amulet of reflection (around neck)
 o - an uncursed ring of stealth {unknown}
 q - a cursed ring of teleportation {unknown}
Scrolls
 d - 2 scrolls of remove curse
 f - a scroll of teleportation
 j - 3 scrolls of identify
 n - 2 scrolls of amnesia
 p - a scroll of magic mapping
Potions
 c - 2 potions of heal wounds {unknown}
 e - a potion of ambrosia
 g - 2 potions of berserk rage {unknown}
 h - 6 potions of curing {unknown}
 s - a potion of flight
 v - a potion of haste {unknown}
 w - a potion of cancellation


   Skills:
 - Level 3.6 Fighting
 - Level 3.2 Dodging
 - Level 1.5 Stealth
 + Level 8.3 Unarmed Combat
 + Level 5.3 Invocations


You had 6 spell levels left.
You didn't know any spells.
Your spell library was empty.

Dungeon Overview and Level Annotations

Branches:
Dungeon (5/15)
 Temple: D:4-7

Altars:
Elyvilon
Fedhas
Makhleb
Vehumet
Zin
The Shining One

Annotations:
D:4 2 transporters, Prince Ribbit


Innate Abilities, Weirdness & Mutations

You reflexively headbutt those who attack you in melee.
You have a pair of horns on your head.


Message History

Prince Ribbit hits you! Prince Ribbit barely misses you. x2
Prince Ribbit hits you. Prince Ribbit hits you! Prince Ribbit hits you.
There is a stone staircase leading up, spattered with blood here.
Prince Ribbit misses you.
You climb upwards.
Level annotation: 2 transporters
There is a stone staircase leading down here.
You completely miss Prince Ribbit. Prince Ribbit hits you!
* * * LOW HITPOINT WARNING * * *
You closely miss Prince Ribbit. Prince Ribbit hits you.
* * * LOW HITPOINT WARNING * * *
Prince Ribbit blinks!
There is a stone staircase leading down, spattered with blood here.
You climb downwards.
The ice beast hits you.
* * * LOW HITPOINT WARNING * * *
The ice beast freezes you!
You die...

*** *,......##J#....#
*,*,******
*,..^.......#*#.#
*,*,,,,,,, *,..........#
#.# *,*,******
*,..........# #.####.#,*
* *,..........#
#.....,*,* *
**########.####..#****,*
#..Y....# *,* ######..#
*,* #.@Y...#****,*
######......,* *######**


You could see an ice beast.

Vanquished Creatures
  Grinder (D:4)
  2 orc priests (D:4)
  3 hounds
  8 orc wizards
  3 worker ants (D:4)
  A hound skeleton (D:4)
  4 gnolls
  A howler monkey skeleton (D:4)
  5 adders
  An ufetubus (D:4)
  An ooze (D:1)
  3 worms
  4 dart slugs
  3 leopard geckos
  12 orcs
  A ball python (D:1)
  6 bats
  7 giant cockroaches
  10 goblins
  13 hobgoblins
  3 jackals (D:2)
  5 quokkas
  3 frilled lizards
  9 kobolds
  A quokka skeleton (D:4)
  11 rats
121 creatures vanquished.

Notes
Turn   | Place    | Note
-------+----------+-------------------------------------------
     0 | D:1      | pkoi the Minotaur Monk began the quest for the Orb.
     0 | D:1      | Reached XP level 1. HP: 19/19 MP: 0/0
   390 | D:1      | Reached skill level 4 in Unarmed Combat
   390 | D:1      | Reached XP level 2. HP: 18/26 MP: 1/1
   615 | D:1      | Reached XP level 3. HP: 26/31 MP: 2/2
  1284 | D:1      | Reached skill level 5 in Unarmed Combat
  1575 | D:2      | Reached XP level 4. HP: 35/39 MP: 3/3
  1705 | D:2      | Found a burning altar of Makhleb.
  1705 | D:2      | Found a blossoming altar of Fedhas.
  1706 | D:2      | Found a white marble altar of Elyvilon.
  1717 | D:2      | Became a worshipper of Makhleb the Destroyer
  1717 | D:2      | Reached * piety under Makhleb
  1717 | D:2      | Reached ** piety under Makhleb
  2197 | D:2      | Found a glowing silver altar of Zin.
  2197 | D:2      | Noticed an angel
  2426 | D:3      | Reached skill level 1 in Invocations
  2435 | D:3      | Reached skill level 6 in Unarmed Combat
  2435 | D:3      | Reached XP level 5. HP: 28/45 MP: 3/5
  2591 | D:3      | Found a faded altar of an unknown god.
  3202 | D:3      | Found a radiant altar of Vehumet.
  3314 | D:4      | Found a transporter.
  3320 | D:4      | Reached *** piety under Makhleb
  3325 | D:4      | Reached XP level 6. HP: 39/51 MP: 5/7
  3431 | D:4      | Found a transporter.
  3493 | D:4      | Reached skill level 7 in Unarmed Combat
  3655 | D:4      | Reached XP level 7. HP: 36/57 MP: 7/9
  3860 | D:4      | Found a glowing golden altar of the Shining One.
  4020 | D:4      | Noticed Grinder
  4034 | D:4      | Killed Grinder
  4035 | D:4      | Reached skill level 8 in Unarmed Combat
  4035 | D:4      | Reached skill level 5 in Invocations
  4077 | D:5      | Entered Level 5 of the Dungeon
  4088 | D:5      | Noticed Prince Ribbit
  4109 | D:5      | Slain by an ice beast

Illustrated notes

Levels and vault maps discovered:
D:1:      dpeg_arrival_morbid_curiosity, layout_basic
D:2:      layout_basic, zin_angel, chequers_temple_overflow_statue_of_worship
D:3:      layout_loops_corners, lemuel_coloured_pillars_altar,
          chequers_ecumenical_altar_twisty, roderic_filled_cross,
          minmay_fountain_box
D:4:      gammafunk_steamed_eel, layout_rooms, nicolae_tso_carved_into_rock,
          uniq_grinder
D:5:      layout_basic, okawaru_ov_weapons_minmay, uniq_prince_ribbit1

Skill      XL: |  1  2  3  4  5  6  7 |
---------------+----------------------+-----
Unarmed Combat | 4 5 6 7 8 |  8.3
Invocations    | 1 2 4 5 |  5.3
Fighting       | |  3.6
Dodging        | |  3.2
Stealth        | |  1.5

Action                   |  1- 3 |  4- 6 |  7- 9 || total
-------------------------+-------+-------+-------++-------
Melee: Unarmed           |    89 |   157 |    48 ||   294
       Headbutt          |    16 |    28 |     8 ||    52
       Punch             |     2 |     9 |     2 ||    13
  Use: Scroll            |       |       |    11 ||    11
 Stab: Sleeping          |     2 |     7 |     1 ||    10
Armor: Robe              |    15 |    12 |     4 ||    31
Dodge: Dodged            |    54 |    80 |    34 ||   168
Block: Other             |       |    22 |     4 ||    26

Table legend: (Time is in decaauts)
 A = Elapsed time spent in this place.
 B = Non-inter-level travel time spent in this place.
 C = Inter-level travel time spent in this place.
 D = Time resting spent in this place.
 E = Time spent auto-exploring this place.
 F = Levels seen in this place.
 G = Mean time per level.
                   A        B        C        D        E       F      G
               +--------+--------+--------+--------+--------+-----+--------+
         Total |   4079 |   3955 |    124 |    736 |   2516 |   5 |  815.8 |
       Dungeon |   4079 |   3955 |    124 |    736 |   2516 |   5 |  815.8 |
               +--------+--------+--------+--------+--------+-----+--------+

Top non-repeatable levels by time:
     D:1: 1453 daAuts
     D:3: 1192 daAuts
     D:2: 747 daAuts
     D:4: 659 daAuts
     D:5: 25 daAuts
